 Dungeon Crawl Stone Soup version 0.16-a0-3855-gd2600ac (webtiles) character file.

3722 HungrySameoo the Covert (level 9, 0/74 HPs)
             Began as a Deep Dwarf Wanderer on Jan 30, 2015.
             Was a Priest of Dithmenos.
             Shot with a bolt by an orc warrior (23 damage)
             ... in a bailey on Jan 31, 2015.
             The game lasted 00:35:40 (8036 turns).

HungrySameoo the Covert (Deep Dwarf Wanderer)       Turns: 8036, Time: 00:35:41

Health: 0/74       AC: 13    Str: 17 (18) XL:     9   Next: 92%
Magic:  17/17      EV: 11    Int: 11 (13) God:    Dithmenos [***...]
Gold:   446        SH:  0    Dex: 13 (15) Spells: 0 memorised, 10 levels left

rFire  + . .     SeeInvis .     b - +4 hand crossbow
rCold  + . .     Clarity  .     I - +2 leather armour of Fashionability {rF+}
rNeg   . . .     SustAb   .     (no shield)
rPois  .         Gourm    .     u - +1 helmet
rElec  .         Spirit   .     (no cloak)
rCorr  .         Warding  .     (no gloves)
rMut   .         Stasis   .     Z - +0 pair of boots
MR     +....                    y - amulet of rage
Stlth  ++++++....               O - ring of protection from cold
                                t - ring of wizardry

@: about to teleport, non-regenerating, wreathed by umbra, somewhat resistant to
hostile enchantments, very stealthy
A: damage resistance, recharge devices, claws 1, iridescent scales 1, agile 1,
deterioration 1, sense surroundings 2, slow healing 3
a: Device Recharging, Shadow Step, Renounce Religion, Evoke Berserk Rage


You were in a bailey.
You worshipped Dithmenos.
Dithmenos was most pleased with you.
You were not hungry.

You visited 1 branch of the dungeon, and saw 9 of its levels.
You also visited: Bailey.

You collected 446 gold pieces.

Inventory:

Hand weapons
 a - a +0 rapier of venom
 b - a +4 hand crossbow (weapon)
 s - a +2 trident of piercing
 z - a +0 arbalest
 D - a +3 trident
 X - a +0 blowgun
Missiles
 e - 91 bolts (quivered)
 i - 4 curare-tipped needles
 o - 4 javelins
 B - 8 steel javelins
 U - a throwing net
Armour
 j - the +0 leather armour of Thefug {rCorr}
   (You found it on level 4 of the Dungeon)

   It protects you from acid and corrosion.
 p - a +0 ring mail
 u - a +1 helmet (worn)
 C - a +0 scale mail
 I - the +2 leather armour of Fashionability (worn) {rF+}
   (You found it on level 5 of the Dungeon)

   It protects you from fire.
 J - a +0 buckler
 Z - a +0 pair of boots (worn)
Jewellery
 r - an uncursed ring of wizardry
 t - a ring of wizardry (left claw)
 x - an uncursed ring of ice
 y - an amulet of rage (around neck)
 O - a ring of protection from cold (right claw)
 T - an uncursed ring of ice
Magical devices
 f - a wand of heal wounds (4)
 n - a wand of confusion (6)
 S - a wand of polymorph (6)
Scrolls
 d - a scroll of noise
 m - a scroll of random uselessness
 F - a scroll of teleportation
 H - 2 scrolls of fog
 K - a scroll of blinking
 M - 4 scrolls of identify
 R - a scroll of fear
 W - 3 scrolls of remove curse
Potions
 c - 2 potions of lignification
 h - a potion of agility
 q - 4 potions of curing
 v - a potion of haste
 w - a potion of ambrosia
 A - a potion of invisibility
 E - 2 potions of resistance
 Q - 4 potions of heal wounds
Miscellaneous
 L - a phantom mirror
Comestibles
 g - 9 bread rations
 k - 5 meat rations
 l - 7 beef jerkies
 N - 8 fruits


   Skills:
 - Level 2.6 Fighting
 + Level 5.7 Short Blades
 - Level 2.4 Polearms
 + Level 7.5 Crossbows
 + Level 5.2 Armour
 * Level 10.6 Stealth
 - Level 1.0 Spellcasting
   Level 1.1 Necromancy
   Level 1.1 Translocations
 - Level 6.0 Evocations


You had 10 spell levels left.
You didn't know any spells.

Dungeon Overview and Level Annotations

Branches:
Dungeon (9/15)             Temple (0/1) D:7            Lair (0/8) D:9
    Orc (0/4) D:9

Altars:
Dithmenos
Elyvilon


Innate Abilities, Weirdness & Mutations

You are resistant to damage.
You can recharge devices by infusing magical energy.
You passively map the area around you.
You do not heal naturally.
You have sharp fingernails.
You are partially covered in iridescent scales (AC +4).
You are agile. (Dex +2)
Your body is slowly deteriorating.


Message History

The orc warrior is heavily wounded.
The orc warrior shoots a bolt.
The bolt hits you.
The orc warrior shoots a bolt.
The bolt hits you!!
The orc warrior shoots a bolt.
The bolt barely misses you.
An orc warrior comes into view. It is wielding an arbalest.
Firing (i - inventory. (,) - cycle):
e - 92 bolts (quivered)
Press: ? - help, Shift-Dir - straight line, f/p - orc warrior
Aim: an orc warrior, wielding an arbalest and wearing a scale mail (heavily wounded)
You shoot a bolt.
The bolt closely misses the orc warrior.
The orc warrior shoots a bolt.
The bolt hits you.
Read which item? (? for menu, Esc to quit)
As you read the scroll of teleportation, it crumbles to dust.
You feel strangely unstable.
The orc warrior shoots a bolt.
The bolt misses you.
The orc warrior shoots a bolt.
The bolt misses you.
The orc warrior shoots a bolt.
The bolt closely misses you.
The orc warrior shoots a bolt.
The bolt barely misses you.
You see here 3 bolts.
The orc warrior shoots a bolt.
The bolt hits you!!
You die...

* * ########################
,....)....((@.............∩
,,........(.................#
, .........(................#
, ....o....................#
, ..((.....................#
, .(..o....................#
≈ ............≈≈≈≈≈.......#
,, ..........≈≈#.#≈≈......# *
, ,.....o...≈##.##≈......#


You could see 2 orc warriors.

Vanquished Creatures
  The ghost of Borgoz the Ogre Mage, an average OgWz (D:5)
  A wyvern (D:9)
  Eustachio (D:4)
  The ghost of wojtek the Cutter, an average KoAs (D:3)
  2 ice beasts
  3 sky beasts
  A phantom (D:4)
  A necrophage (D:9)
  8 ogres
  An orc warrior (Bailey)
  A big kobold (D:8)
  4 giant frogs
  A gnoll sergeant (D:5)
  A wyvern skeleton (D:9)
  A water moccasin zombie (D:7)
  3 scorpions
  A giant frog zombie (D:8)
  A goliath beetle (D:6)
  A crimson imp (D:6)
  The ghost of Gravitas the Magician, a weakling GrWz (D:4)
  3 orc priests
  A centaur skeleton (D:6)
  A jelly (D:6)
  A hound (D:4)
  An iguana (D:7)
  4 orc wizards
  7 worker ants
  14 gnolls
  11 adders
  3 shadow imps
  A worm (D:5)
  An adder zombie (D:5)
  An adder skeleton (D:9)
  7 giant geckos
  2 oozes
  31 orcs
  16 bats
  3 bat skeletons
  9 giant cockroaches
  17 goblins
  19 hobgoblins
  21 kobolds
  2 quokkas
  A giant gecko skeleton (D:6)
  7 giant newts
  6 jackals
  18 rats
243 creatures vanquished.

Notes
Turn   | Place    | Note
--------------------------------------------------------------
     0 | D:1      | HungrySameoo, the Deep Dwarf Wanderer, began the quest for the Orb.
     0 | D:1      | HungrySameoo set off with: a wand of confusion (15), a +0 hand crossbow, a potion of lignification, a +0 robe, 26 bolts, a wand of heal wounds (5), a bread ration
     0 | D:1      | Reached XP level 1. HP: 20/20 MP: 2/2
    72 | D:1      | Reached skill level 3 in Crossbows
    72 | D:1      | Reached XP level 2. HP: 27/27 MP: 3/3
   256 | D:1      | Reached skill level 1 in Short Blades
   521 | D:1      | Reached XP level 3. HP: 13/33 MP: 4/4
   614 | D:1      | You fall through a shaft!
  1336 | D:2      | Reached XP level 4. HP: 20/40 MP: 5/5
  2041 | D:3      | Noticed wojtek's ghost (average KoAs)
  2059 | D:3      | Killed wojtek's ghost
  2059 | D:3      | Reached skill level 4 in Crossbows
  2059 | D:3      | Reached XP level 5. HP: 36/46 MP: 6/8
  2184 | D:3      | Reached XP level 6. HP: 43/55 MP: 9/9
  2702 | D:4      | Noticed Eustachio
  2723 | D:4      | Killed Eustachio
  2733 | D:4      | Reached skill level 5 in Evocations
  2822 | D:4      | Noticed Gravitas' ghost (weakling GrWz)
  2833 | D:4      | Killed Gravitas' ghost
  2833 | D:4      | Reached XP level 7. HP: 41/61 MP: 13/13
  3090 | D:4      | Gained mutation: You can spit poison. [potion of mutation]
  3090 | D:4      | Gained mutation: You are agile. (Dex +2) [potion of mutation]
  3090 | D:4      | Gained mutation: Your body is slowly deteriorating. [potion of mutation]
  3101 | D:4      | Found a shadowy altar of Dithmenos.
  3128 | D:4      | Became a worshipper of Dithmenos the Shadowed
  3211 | D:4      | Got a crude leather armour
  3222 | D:4      | Identified the +0 leather armour of Thefug {rCorr} (You found it on level 4 of the Dungeon)
  3350 | D:4      | Reached skill level 1 in Armour
  3545 | D:5      | Entered Level 5 of the Dungeon
  3730 | D:5      | Reached skill level 6 in Evocations
  3855 | D:5      | Got a scorched leather armour
  3868 | D:5      | Identified the +2 leather armour of Fashionability {rF+} (You found it on level 5 of the Dungeon)
  3977 | D:5      | Reached skill level 5 in Stealth
  4111 | D:5      | Reached skill level 5 in Crossbows
  4111 | D:5      | Reached XP level 8. HP: 39/68 MP: 16/16
  4166 | D:5      | Noticed Borgoz's ghost (average OgWz)
  4196 | D:5      | Killed Borgoz's ghost
  4647 | D:6      | Reached skill level 7 in Stealth
  4949 | D:6      | Acquired Dithmenos' first power
  4974 | D:6      | Reached skill level 8 in Stealth
  5126 | D:6      | Gained mutation: You passively map the area around you. [level up]
  5126 | D:6      | Reached XP level 9. HP: 15/74 MP: 18/18
  5740 | D:6      | Reached skill level 5 in Short Blades
  6107 | D:7      | Got a slimy glaive
  6108 | D:7      | Identified the +4 glaive of Sheef {drain, rPois+ MR+ MP+9 Int-4 Dex+2} (You found it on level 7 of the Dungeon)
  6363 | D:7      | Gained mutation: You have sharp fingernails. [mutagenic meat]
  6364 | D:7      | Gained mutation: Your body is deteriorating. [mutagenic meat]
  6365 | D:7      | Gained mutation: You are partially covered in iridescent scales (AC +4). [mutagenic meat]
  6395 | D:7      | Reached skill level 9 in Stealth
  6424 | D:7      | Found a staircase to the Ecumenical Temple.
  6631 | D:8      | Found a white marble altar of Elyvilon.
  6652 | D:8      | Acquired Dithmenos' second power
  6893 | D:8      | Lost mutation: You can spit poison. [potion of mutation]
  6893 | D:8      | Lost mutation: Your body is deteriorating. [potion of mutation]
  7375 | D:9      | Reached skill level 10 in Stealth
  7423 | D:9      | Reached skill level 5 in Armour
  7485 | D:9      | Found a staircase to the Orcish Mines.
  7648 | D:9      | Found a staircase to the Lair.
  7650 | D:9      | Noticed a komodo dragon
  7735 | D:9      | Found a flagged portal.
  7749 | Bailey   | Entered a bailey
  8036 | Bailey   | Shot with a bolt by an orc warrior

Action                   |  1- 3 |  4- 6 |  7- 9 || total
-------------------------+-------+-------+-------++-------
Melee: Dagger            |    92 |       |       ||    92
       Short sword       |    48 |    74 |     8 ||   130
       Trident           |       |    37 |       ||    37
       Rapier            |       |       |   422 ||   422
 Fire: Hand crossbow     |    27 |    64 |   125 ||   216
Throw: Javelin           |       |     2 |       ||     2
 Abil: Evoke Berserk Rag |       |     1 |       ||     1
       Device Recharging |       |       |     1 ||     1
Evoke: Wand              |     1 |     8 |    15 ||    24
  Use: Scroll            |     6 |     4 |    13 ||    23
       Potion            |     3 |       |     3 ||     6
 Stab: Sleeping          |     3 |       |    23 ||    26
       Confused          |       |     1 |     3 ||     4
       Distracted        |       |     1 |     1 ||     2
  Eat: Chunk             |       |     7 |    16 ||    23
       Royal jelly       |       |       |     2 ||     2
       Pizza             |       |       |     1 ||     1
